 Dungeon Crawl Stone Soup version 0.32-a0-779-g362cfcae2a (webtiles) character file.

Game seed: 14651967540526230109

6654951 ragingrage the Omniscient (level 27, 188/188 HPs)
             Began as a Felid Enchanter on Mar 18, 2024.
             Was the Champion of Ashenzari.
             Escaped with the Orb
             ... and 9 runes on Mar 19, 2024!
             The game lasted 02:40:50 (93315 turns).

ragingrage the Omniscient (Felid Enchanter)        Turns: 93315, Time: 02:40:51

Health: 188/188    AC: 16    Str: 14    XL:     27
Magic:  38/38      EV: 67    Int: 20    God:    Ashenzari [******]
Gold:   13420      SH:  0    Dex: 27    Spells: 9/56 levels left
                                        Lives:  2   Deaths: 7

rFire   + .          .
                       - Unarmed
rCold   . . .        (shield unavailable)
rNeg    + . .        (body armour unavailable)
rPois   ∞            (helmet unavailable)
rElec   +            (cloak unavailable)
rCorr   +            (gloves unavailable)
SInv    +            (boots unavailable)
Will    ++++.        z - amulet of the Bound Ether {Regen+, Self, Comp} (curse)
Stlth   +++          b - ring "Restrained With Me" {rCorr AC+4 Dex+5 SInv, Melee, Dev} (curse)
HPRegen 1.31/turn    S - ring "Cryptic Foul Odours" {rF+ rN+ Str+6, Self, Dev} (curse)
MPRegen 0.26/turn

%: clarity
@: storm-form, flying, studying 2 skills
A: cleaving, insubstantial, flying, very small, (claws 1), (fangs 3), see
invisible, (shaggy fur 3), (stealthy paws), no weapons or thrown items, no
armour, multi-lived, clumsy 1, deterioration 1, dopey 1, low MP 1, (poison
resistance), robust 1, screaming 2, subdued magic 2, inability to read after
injury 1, persistent drain
0: Orb of Zot
}: 9/15 runes: decaying, slimy, silver, bone, abyssal, demonic, glowing, fiery,
gossamer
a: Blinkbolt, Begin Untransformation, Renounce Religion, Shatter the Chains


You escaped.
You worshipped Ashenzari.
Ashenzari was exalted by your worship.
You were a lightning-filled tempest!
You visited 15 branches of the dungeon, and saw 66 of its levels.
You visited Pandemonium 1 time, and saw 13 of its levels.
You visited the Abyss 1 time.
You also visited: Trove, Bailey, Gauntlet, Ice Cave, Wizlab and Desolation.

You collected 15191 gold pieces.
You spent 1771 gold pieces at shops.

Inventory:

Jewellery
 b - the cursed ring "Restrained With Me" (left paw) {rCorr AC+4 Dex+5 SInv, Melee, Dev}
   (You found it in a Gauntlet)

   [ring of protection]

   AC+4:      It affects your AC (+4).
   Dex+5:     It affects your dexterity (+5).
   SInv:      It lets you see invisible.
   rCorr:     It protects you from acid and corrosion.
   It has a curse which improves the following skills: Melee Combat: Unarmed
   Combat.
   Devices:   Evocations and Shapeshifting.
 e - the ring "Lot Ukue" {Will+ Dex+6}
   (You took it off an ironbound convoker in the Desolation of Salt)

   [ring of dexterity]

   Dex+6:     It affects your dexterity (+6).
   Will+:     It increases your willpower.
 r - the amulet "Kiedyi" {Regen+ Str+4}
   (You found it in Pandemonium)

   [amulet of regeneration]

   Str+4:     It affects your strength (+4).
   Regen+:    It increases your rate of health regeneration.
 z - the cursed amulet of the Bound Ether (around neck) {Regen+, Self, Comp}
   (You found it on level 1 of the Depths)

   [amulet of regeneration]

   Regen+:    It increases your rate of health regeneration.
   It has a curse which improves the following skills: Introspection: Fighting
   and Spellcasting.
   Companions: Summonings and Necromancy.
 M - the ring of Wu Jian's Benevolence {Ice ^Contam rElec rCorr Str-2}
   (You found it in Pandemonium)

   [ring of ice]

   Ice:       It enhances your ice magic.
   Str-2:     It affects your strength (-2).
   rF-:       It makes you vulnerable to fire.
   rC+:       It protects you from cold.
   rElec:     It insulates you from electricity.
   ^Contam:   It causes magical contamination when unequipped.
   rCorr:     It protects you from acid and corrosion.
 S - the cursed ring "Cryptic Foul Odours" (right paw) {rF+ rN+ Str+6, Self, Dev}
   (You found it in a treasure trove)

   [ring of strength]

   Str+6:     It affects your strength (+6).
   rF+:       It protects you from fire.
   rN+:       It protects you from negative energy.
   It has a curse which improves the following skills: Introspection: Fighting
   and Spellcasting.
   Devices:   Evocations and Shapeshifting.
 X - the ring of the Red Skies {Wiz rElec rF- rN++ rCorr}
   (You found it in Pandemonium)

   [ring of wizardry]

   Wiz:       It improves your spell success rate.
   rF-:       It makes you vulnerable to fire.
   rElec:     It insulates you from electricity.
   rN++:      It greatly protects you from negative energy.
   rCorr:     It protects you from acid and corrosion.
 Y - the ring of Liberty {rC+ rN+ rCorr Int+4}
   (You found it on level 3 of the Crypt)

   [ring of protection from cold]

   Int+4:     It affects your intelligence (+4).
   rC+:       It protects you from cold.
   rN+:       It protects you from negative energy.
   rCorr:     It protects you from acid and corrosion.
Talismans
 w - a talisman of death
 x - a granite talisman
 y - a storm talisman (active)
 P - the dragon-blood talisman of Sophism {rC+ Will- Int+4 Dex+3}
   (You found it on level 3 of the Vaults)

   [dragon-blood talisman]

   Int+4:     It affects your intelligence (+4).
   Dex+3:     It affects your dexterity (+3).
   rC+:       It protects you from cold.
   Will-:     It decreases your willpower.
Wands
 d - a wand of warping (29)
 k - a wand of charming (72)
 v - a wand of mindburst (61)
 C - a wand of digging (9)
 L - a wand of polymorph (44)
 Q - a wand of quicksilver (23)
 T - a wand of flame (90)
Scrolls
 l - 5 scrolls of poison
 p - 10 scrolls of revelation
 q - 14 scrolls of fog
 s - 23 scrolls of teleportation
 t - 8 scrolls of amnesia
 B - 10 scrolls of vulnerability
 E - 5 scrolls of torment
 H - 11 scrolls of blinking
 I - 4 scrolls of silence
 O - 5 scrolls of fear
 R - 4 scrolls of summoning
 U - 12 scrolls of immolation
Potions
 a - 7 potions of invisibility
 c - 11 potions of cancellation
 f - 24 potions of curing
 g - 9 potions of enlightenment
 h - 8 potions of haste
 i - 10 potions of might
 j - 18 potions of heal wounds
 m - 16 potions of attraction
 o - 6 potions of lignification
 u - 12 potions of resistance
 A - 8 potions of ambrosia
 D - 4 potions of magic
 F - 7 potions of brilliance
 G - 2 potions of berserk rage
 J - 17 potions of mutation
Miscellaneous
 n - a phial of floods
 K - a tin of tremorstones (2/2)
 N - a phantom mirror
 V - a lightning rod (4/4)
 W - a box of beasts


   Skills:
 - Level 22.8(26.0) Fighting
 - Level 23.0 Dodging
 - Level 18.6 Stealth
 - Level 22.8(24.8) Unarmed Combat
 - Level 11.6(15.1) Spellcasting
 - Level 22.0 Hexes
 - Level 12.6(15.0) Summonings
 + Level 18.0(20.2) Necromancy
 + Level 14.2 Translocations
 - Level 2.2 Ice Magic
 - Level 3.0 Air Magic
 - Level 4.0 Earth Magic
 - Level 4.0 Alchemy
 - Level 23.2 Invocations
 - Level 14.9(18.4) Evocations
 - Level 20.9(24.1) Shapeshifting


You had 9 spell levels left.
You knew the following spells:

 Your Spells              Type           Power      Damage    Failure   Level
a - Death Channel         Necr           28%        N/A       1%          6
b - Fugue of the Fallen   Necr           56%        N/A       0%          3
c - Discord               Hex            29%        N/A       1%          8
d - Blink                 Tloc           90%        N/A       0%          2
e - Manifold Assault      Tloc           45%        N/A       1%          4
f - Vhi's Electric Charg  Tloc/Air       62%        N/A       1%          4
g - Passwall              Erth           19%        N/A       1%          3
h - Haunt                 Necr/Summ      26%        N/A       1%          7
i - Yara's Violent Unrav  Hex/Alch       20%        3d9       1%          5
j - Summon Mana Viper     Hex/Summ       54%        N/A       0%          5

Your spell library contained the following spells:

 Spells                   Type           Power      Damage    Failure   Level
 Apportation              Tloc           90%        N/A       0%          1
 Kiss of Death            Conj/Necr      100%       2d13      0%          1
 Necrotise                Necr           100%       1d9       0%          1
 Slow                     Hex            100%       N/A       0%          1
 Summon Small Mammal      Summ           100%       N/A       0%          1
 Call Imp                 Summ           94%        N/A       0%          2
 Ensorcelled Hibernation  Hex/Ice        78%        N/A       0%          2
 Jinxbite                 Hex            100%       N/A       0%          2
 Lesser Beckoning         Tloc           90%        N/A       0%          2
 Call Canine Familiar     Summ           47%        N/A       0%          3
 Confusing Touch          Hex            59%        N/A       0%          3
 Gell's Gravitas          Tloc           45%        N/A       0%          3
 Sigil of Binding         Hex            59%        N/A       0%          3
 Teleport Other           Tloc           45%        N/A       0%          3
 Tukima's Dance           Hex            59%        N/A       0%          3
 Vampiric Draining        Necr           56%        2d10      0%          3
 Anguish                  Hex/Necr       29%        N/A       0%          4
 Animate Dead             Necr           56%        N/A       0%          4
 Cause Fear               Hex            29%        N/A       0%          4
 Dispel Undead            Necr           56%        3d20      0%          4
 Martyr's Knell           Necr/Summ      52%        N/A       0%          4
 Curse of Agony           Necr           56%        N/A       0%          5
 Sandblast                Erth           38%        2d10      1%          1
 Shock                    Conj/Air       52%        1d6       1%          1
 Sting                    Conj/Alch      56%        1d6       1%          1
 Cigotuvi's Dreadful Rot  Necr/Alch/Air  64%        N/A       1%          2
 Mercury Vapours          Alch/Air       36%        N/A       1%          2
 Momentum Strike          Conj/Tloc      54%        3d9       1%          2
 Static Discharge         Conj/Air       26%        3-5/arc   1%          2
 Dazzling Flash           Conj/Hex       72%        N/A       1%          3
 Inner Flame              Hex/Fire       36%        N/A       1%          3
 Summon Ice Beast         Ice/Summ       31%        N/A       1%          3
 Swiftness                Air            16%        N/A       1%          3
 Volatile Blastmotes      Fire/Tloc      54%        2d14      1%          3
 Iskenderun's Mystic Bla  Conj/Tloc      27%        2d7       1%          4
 Summon Blazeheart Golem  Fire/Summ      28%        N/A       1%          4
 Summon Lightning Spire   Summ/Air       31%        N/A       1%          4
 Borgnjor's Vile Clutch   Necr/Erth      19%        N/A       1%          5
 Metabolic Englaciation   Hex/Ice        19%        N/A       1%          5
 Silence                  Hex/Air        20%        N/A       1%          5
 Summon Forest            Summ/Tloc      23%        N/A       1%          5
 Dispersal                Tloc           22%        N/A       1%          6
 Summon Cactus Giant      Summ           23%        N/A       1%          6
 Magic Dart               Conj           36%        1d4       2%          1
 Frozen Ramparts          Ice            30%        1d5       2%          3
 Mephitic Cloud           Conj/Alch/Air  15%        N/A       2%          3
 Ozocubu's Armour         Ice            15%        N/A       2%          3
 Scorch                   Fire           18%        2d5       3%          2
 Searing Ray              Conj           18%        2d5       3%          2
 Stone Arrow              Conj/Erth      28%        3d8       3%          3
 Hailstorm                Conj/Ice       12%        3d6       4%          3
 Leda's Liquefaction      Alch/Erth      9%         N/A       4%          4
 Olgreb's Toxic Radiance  Alch           19%        N/A       4%          4
 Petrify                  Alch/Erth      19%        N/A       4%          4
 Monstrous Menagerie      Summ           23%        N/A       4%          7
 Summon Hydra             Summ           23%        N/A       4%          7
 Borgnjor's Revivificati  Necr           28%        N/A       4%          8
 Airstrike                Air            8%         2d(2-18)  8%          4
 Brom's Barrelling Bould  Conj/Erth      14%        2d4       13%         4
 Fulminant Prism          Conj/Alch      7%         3d7       13%         4
 Ignite Poison            Fire/Alch      14%        N/A       13%         4
 Sticky Flame             Fire/Alch      14%        2d5       13%         4
 Lee's Rapid Deconstruct  Erth           9%         3d7*      16%         5
 Flame Wave               Conj/Fire      9%         2d6       30%         4
 Freezing Cloud           Conj/Ice/Air   6%         6-21      41%         5
 Summon Horrible Things   Summ           23%        N/A       41%         8
 Disjunction              Tloc           22%        N/A       52%         8
 Death's Door             Necr           28%        N/A       63%         9
 Fireball                 Conj/Fire      4%         3d4       67%         5
 Iskenderun's Battlesphe  Conj           9%         2d6       67%         5
 Permafrost Eruption      Ice/Erth       8%         2x4d4     82%         6
 Sculpt Simulacrum        Ice/Alch       8%         N/A       82%         6
 Bombard                  Conj/Erth      7%         9d2       92%         6
 Conjure Ball Lightning   Conj/Air       6%         3x3d6     96%         6
 Starburst                Conj/Fire      4%         6d4       99%         6
 Orb of Destruction       Conj           4%         9d5       100%        7
 Ozocubu's Refrigeration  Ice            7%         4d9       100%        7
 Ignition                 Fire           4%         3d4       100%        8
 Maxwell's Capacitive Co  Air            8%         ∞         100%        8
 Dragon's Call            Summ           23%        N/A       100%        9
 Polar Vortex             Ice            7%         12d1*     100%        9
 Sublimation of Blood     Necr           Unusable   N/A       N/A         2
 Dimensional Bullseye     Hex/Tloc       Unusable   N/A       N/A         4

Dungeon Overview and Level Annotations

Branches:
Dungeon (15/15)            Temple (1/1) D:5            Lair (5/5) D:10
  Swamp (4/4) Lair:3       Spider (4/4) Lair:3        Slime (5/5) Lair:5
    Orc (2/2) D:12            Elf (3/3) Orc:2        Vaults (5/5) D:13
  Crypt (3/3) Vaults:2       Tomb (0/3) Crypt:3      Depths (4/4) D:15
   Hell (visited)             Dis (0/7) Hell            Geh (2/7) Hell
    Coc (0/7) Hell            Tar (7/7) Hell            Zot (5/5) Depths:4
 Bailey (visited)           IceCv (visited)          WizLab (visited)
Desolation (visited)      Gauntlet (visited)

Altars:
Ashenzari
Cheibriados
Dithmenos
Elyvilon
Fedhas
Gozag
Hepliaklqana
Kikubaaqudgha
Makhleb
Nemelex Xobeh
Okawaru
Qazlal
Ru
Sif Muna
Trog
Uskayaw
Vehumet
Wu Jian
Xom
Yredelemnul
Zin
The Shining One
Beogh
Jiyva

Shops:
D:6 *(   Orc:2 !(*[   Elf:2 ((   Vaults:1 ?   Vaults:2 =   Vaults:3 ?[
Depths:1 [

Portals:
Hell: Depths:1 Depths:2 Depths:3 Depths:4
Abyss: Depths:3
Pandemonium: Depths:2 Depths:3
Ziggurat: Depths:2

Annotations:
Spider:2 exclusion: upstairs
Elf:2 3 runed translucent doors, Famehell's ghost, journeyman OpSh; Obbaitis's ghost, journeyman MiBe; Puowidir's ghost, adept DEAE
Vaults:3 2 transporters
Zot:5 exclusion: orange crystal statue


Innate Abilities, Weirdness & Mutations

You are a lightning-filled tempest!
Your electrical attacks strike out in all directions at once.
You are incredibly evasive.
Your insubstantial body is immune to petrification, constriction, and being set on fire You are flying.
You are immune to poison.
((You have sharp claws.))
((You have razor-sharp teeth.))
You have supernaturally acute eyesight. (SInv)
((Your thick and shaggy fur keeps you warm. (AC +3, rC+)))
((Your paws help you pounce on unaware monsters.))
You are incapable of wielding weapons or throwing items.
You cannot wear armour.
You gain extra lives every three experience levels.
You are clumsy. (Dex -2)
Your body sometimes deteriorates upon taking damage.
You are dopey. (Int -2)
Your magical capacity is low. (-10% MP)
((Your system is resistant to poisons. (rPois)))
You are robust. (+10% HP)
You frequently scream uncontrollably at your foes.
Your spells are easier to cast, but less powerful.
You occasionally lose the ability to read scrolls when taking damage.
Your health recovers twice as slowly from being drained.


Message History

You see here a throwing net.
You see here a +0 club.
There is a stone staircase leading up, spattered with blood here.
You fly upwards.
There is a stone staircase leading down here.
You sense a monster nearby.
Unknown command.
No target in view!
There is a stone staircase leading up here.
You fly upwards.
There is a stone staircase leading down here.
(D) Dungeon (T) Temple (L) Lair (S) Swamp (N) Spider Nest (M) Slime Pits (O) Orcish Mines (E) Elven Halls (V) Vaults (C) Crypt (W) Tomb (U) Depths (H) Hell (I) Dis (G) Gehenna (X) Cocytus (Y) Tartarus (Z) Zot
Where to? (Tab/Enter - D:1 @ (x,y), ? - help)
The bat completely misses you. The bat completely misses you. x2
You bellow at the ynoxinul!
A Jecet, a lich and a ynoxinul come into view.
You hit the bat but do no damage. You punch the bat.
You kill the bat!
You see here a bat corpse.
There is a stone staircase leading up, spattered with blood here.
You fly upwards.
There is a stone staircase leading down here.
(D) Dungeon (T) Temple (L) Lair (S) Swamp (N) Spider Nest (M) Slime Pits (O) Orcish Mines (E) Elven Halls (V) Vaults (C) Crypt (W) Tomb (U) Depths (H) Hell (I) Dis (G) Gehenna (X) Cocytus (Y) Tartarus (Z) Zot
Where to? (Tab/Enter - D:1 @ (x,y), ? - help)
What level of the Dungeon? (default 1, ? - help)
There is a staircase leading out of the dungeon here.
There is a stone staircase leading down here.
There is a staircase leading out of the dungeon here.
Unknown command.
Unknown command.
You have escaped!

###.....### ##.........#
#..####...÷# #.## ##.#.#####
######.# #......(. ##......##
##......## #######
#..≈≈≈≈..####..≈≈§≈..# #.....##
#.≈≈≈≈≈≈......≈≈§≈≈≈.. .......##
#.≈≈>v≈≈......§§≈≈≈≈.# ........#
#.≈.≈≈≈≈......≈§§≈≈≈.# ........#
#..≈≈≈≈........≈≈≈§§.. ........#
##.......##......§..#.
........#######......#...........
.................................
........#######..................
.......##########.##.##..........
#....[###........................


There were no monsters in sight!

Vanquished Creatures
  Cerebov (Pan)
  the Royal Jelly (Slime:5)
  Ereshkigal (Tar:7)
  Mnoleg (Pan)
  2 dread liches
  Mara (Swamp:3)
  3 orbs of fire (Zot:5)
  5 ancient liches
  7 pandemonium lords (Pan)
  Josephina (Crypt:1)
  8 Killer Klowns (Zot:5)
  Parghit (Depths:3)
  2 curse toes
  Geryon (Hell)
  11 golden dragons
  Jory (Vaults:2)
  19 profane servitors
  13 bone dragons
  5 Brimstone Fiends
  3 electric golems
  7 doom hounds
  18 Tzitzimimeh
  2 hellephants
  2 Ice Fiends (Pan)
  Jorgrun (Swamp:1)
  Rupert (Lair:4)
  8 liches
  16 tentacled monstrosities
  7 Hell Sentinels
  27 tainted leviathans
  A spectral shard shrike (Tar:4)
  19 Orb Guardians (Zot:5)
  2 deep elf master archers (Elf:3)
  3 titans (Vaults:5)
  3 deep elf blademasters
  7 quicksilver dragons
  Murray (Hell)
  The ghost of Bitman the Tortoise, an adept MiBe of Trog (Spider:4)
  9 sphinxes
  2 ancient champions
  13 acid blobs
  8 Executioners (Pan)
  2 tentacled starspawn
  2 death cobs
  8 shadow dragons
  2 thorn hunters
  The ghost of sychorax the Martial Artist, an adept OpEE of Gozag (Swamp:2)
  Donald (Spider:1)
  10 rockslimes
  9 revenants
  5 tengu reavers
  The ghost of Shen the Tortoise, a journeyman MiBe of Trog (Swamp:1)
  19 demonspawn warmongers (Pan)
  A fenstrider witch (Swamp:3)
  10 azure jellies
  14 storm dragons
  A nagaraja (WizLab)
  5 draconian knights
  10 protean progenitors
  8 draconian monks
  A daeva (Pan)
  6 frost giants
  2 iron dragons
  7 draconian shifters
  17 ghost moths
  Louise (Swamp:3)
  5 emperor scorpions
  2 spectral caustic shrikes (Crypt:3)
  9 deep elf sorcerers
  2 imperial myrmidons (Desolation)
  20 balrugs
  7 fire giants
  18 vault wardens
  2 spectral juggernauts (Tar:6)
  2 draconian stormcallers (Depths:4)
  2 curse skulls
  11 draconian scorchers
  A ghoul (Crypt:3)
  22 cacodemons
  19 ironbound preservers
  15 demonspawn corrupters
  3 spriggan defenders
  5 deep elf elementalists (Elf:1)
  24 reapers
  3 draconian annihilators
  7 demonspawn blood saints
  A formless jellyfish (Vaults:3)
  14 very ugly things
  2 angels (Depths:2)
  3 broodmothers
  9 quicksilver oozes
  4 deep elf demonologists (Elf:3)
  8 ironbound thunderhulks
  11 black draconians
  9 vampire knights
  8 deep elf death magi
  5 eleionomae
  8 stone giants
  30 putrid mouths
  11 white draconians
  9 lorocyprocas
  13 demonspawn black suns (Pan)
  4 deep elf annihilators
  9 green draconians
  2 elemental wellsprings (Hell)
  7 yellow draconians
  Azrael (Orc:1)
  3 dire elephants
  A minotaur (Gauntlet)
  13 spark wasps
  3 spectral titans
  3 bunyips (Swamp:3)
  14 purple draconians
  The ghost of cforsyth the Cleaver, a journeyman MDCA of Ignis (Lair:2)
  3 halazid warlocks (Desolation)
  4 war gargoyles
  A wendigo (Hell)
  11 red draconians
  2 spectral hellephants (Crypt:1)
  6 ettins
  Snorg (Orc:1)
  5 blizzard demons
  13 eidola
  8 ragged hierophants (Desolation)
  2 merfolk javelineers (Depths:3)
  4 spectral quicksilver dragons
  9 green deaths
  2 spectral elves (Crypt:1)
  2 spectral krakens (Tar:7)
  An iron golem (Hell)
  13 yaktaur captains
  2 jiangshi
  A spectral iron giant (Tar:5)
  A merfolk impaler (Depths:4)
  2 crystal guardians (Desolation)
  A spectral golden dragon (Tar:7)
  A spectral tengu (Tar:2)
  A spriggan zombie (Crypt:1)
  7 servants of whispers
  3 spectral fenstrider witches (Swamp:1)
  4 fire dragons
  10 entropy weavers
  9 great orbs of eyes
  9 deep elf high priests
  A spectral shadow dragon (Crypt:1)
  Harold (Orc:1)
  6 ice dragons
  3 spriggan air magi
  35 vault guards
  6 hell beasts
  2 spriggan skeletons
  A catoblepas (D:10)
  A ghost crab (Swamp:1)
  5 rakshasas
  2 death knights
  20 hydras
  8 peacekeepers
  9 jorogumos
  14 centaur warriors
  2 radroaches (Spider:4)
  2 satyrs (Pan)
  9 two-headed ogres
  4 ogre magi
  4 alligators
  32 dancing weapons
  5 boulder beetles
  2 two-headed ogres (shapeshifter)
  5 ironbound frosthearts
  A spectral dire elephant (Tar:2)
  3 sphinx skeletons
  9 death scarabs
  23 hell hogs
  22 demonic crawlers
  10 deep troll earth magi
  A spectral naga (Tar:2)
  5 tengu warriors
  8 deep troll shamans
  4 vampire magi
  3 thrashing horrors
  4 orc high priests (Orc:2)
  6 occultists
  6 hell knights
  6 holy swine (Pan)
  3 spriggan berserkers
  48 soul eaters
  3 spectral storm dragons (Crypt:3)
  Sonja (Lair:1)
  2 skysharks (Zot:2)
  44 sun demons
  A spark wasp zombie (Depths:2)
  10 iron trolls
  2 wretched stars
  4 spectral spriggans
  15 deep elf knights
  A golden dragon zombie (Depths:1)
  8 shadow wraiths
  25 skeletal warriors
  2 death drakes (Tar:6)
  An orb spider (Spider:3)
  51 deep trolls
  17 sixfirhies
  9 pharaoh ants
  A spectral bunyip (Crypt:3)
  5 goliath frogs
  14 flayed ghosts
  4 spectral anacondas
  7 arcanists
  11 sun moths
  19 large abominations
  15 shadow demons
  4 spriggan druids
  4 harpies (Vaults:1)
  9 phantasmal warriors
  10 lindwurms
  7 bog bodies
  7 swamp dragons
  An obsidian statue (Depths:3)
  A bunyip skeleton (Crypt:1)
  A spectral hydra (Crypt:3)
  5 glowing orange brains
  8 thermic dynamos
  2 spectral wolf spiders (Spider:4)
  23 ironbound convokers
  An orange crystal statue (Spider:3)
  13 deep elf archers
  A fenstrider witch simulacrum (Swamp:1)
  33 deep elf pyromancers
  2 lindwurms (shapeshifter)
  8 steelbarb worms
  9 necromancers
  2 wolf spider zombies (D:15)
  8 orc knights
  39 deep elf zephyrmancers
  37 ugly things
  2 stone giant zombies (Crypt:1)
  A goliath frog skeleton (Crypt:3)
  4 shining eyes
  3 oklob plants
  A jorogumo zombie (Crypt:1)
  2 orc sorcerers
  10 cyclopes
  5 spectral centaurs
  2 manticores (D:13)
  2 will-o-the-wisps
  3 spectral ettins
  2 guardian serpents (Desolation)
  3 draconians (Abyss:3)
  18 wolf spiders
  26 moths of wrath
  13 elephants
  8 rust devils
  4 torpor snails
  3 meliai (Spider:2)
  5 worldbinders
  6 black mambas
  A toenail golem (D:10)
  A kobold blastminer (Orc:2)
  A spectral alligator snapping turtle (Crypt:3)
  A stone giant skeleton (Vaults:1)
  2 centaur zombies
  2 eyes of devastation
  3 ice statues (IceCv)
  A frost giant skeleton (Depths:2)
  A water nymph (WizLab)
  16 vault sentinels
  3 molten gargoyles (Hell)
  31 orange demons
  25 smoke demons
  A titan simulacrum (Crypt:1)
  2 centaur skeletons (D:15)
  An apocalypse crab (Abyss:1)
  A gargoyle (D:11)
  11 cane toads
  2 yaktaur zombies
  9 spectral swamp worms (Tar:7)
  21 freezing wraiths
  A yellow draconian zombie (Crypt:1)
  27 hellions
  An unseen horror (shapeshifter) (Vaults:5)
  34 yaktaurs
  12 komodo dragons
  9 tormentors
  A bunyip simulacrum (Crypt:1)
  2 kobold demonologists (D:11)
  8 tengu conjurers
  4 guardian mummies (Crypt:3)
  A rime drake (Lair:5)
  4 ancient zymes
  A spectral death drake (Swamp:1)
  A green draconian skeleton (Crypt:1)
  A yaktaur (shapeshifter) (Depths:4)
  2 efreet
  6 spectral harpies
  3 ice devils
  2 red devils
  4 silent spectres
  A black draconian skeleton (Crypt:2)
  2 human skeletons
  11 trolls
  A merfolk (shapeshifter) (Depths:2)
  An alligator simulacrum (Crypt:1)
  7 polar bears
  An iron troll skeleton (Crypt:1)
  4 spectral jumping spiders (Spider:4)
  9 hellwings
  10 tarantellas
  8 blink frogs
  A spectral tarantella (Spider:4)
  8 tyrant leeches
  A glass eye (Slime:3)
  18 hornets
  An ettin zombie (Vaults:4)
  A harpy skeleton (Crypt:2)
  37 saltlings
  A boulder beetle zombie (Crypt:3)
  A glass eye (shapeshifter) (Elf:3)
  2 tarantella zombies (Spider:4)
  6 dream sheep (Lair:5)
  A stone giant simulacrum (Depths:1)
  25 jumping spiders
  A spectral black mamba (Crypt:3)
  3 centaur simulacra
  An ettin skeleton (Crypt:1)
  3 shadows
  A naga simulacrum (Crypt:1)
  An ice dragon skeleton (Crypt:2)
  65 slime creatures
  A vampire (D:9)
  21 ynoxinuls
  17 culicivoras
  22 spriggans
  2 wyverns
  2 dire elephant simulacra (IceCv)
  12 water elementals
  2 wraiths
  2 air elementals
  35 yaks
  8 fire elementals
  2 spriggans (shapeshifter)
  An alligator snapping turtle simulacrum (Crypt:3)
  2 black mamba skeletons
  2 starcursed masses (Abyss:3)
  A nameless horror (Spider:2)
  8 golden eyes
  2 fire bats (Pan)
  An unseen horror simulacrum (D:10)
  A death yak simulacrum (IceCv)
  46 redbacks
  A vampire mosquito (D:13)
  2 wargs
  A golden eye (shapeshifter) (D:14)
  A redback (shapeshifter) (Vaults:5)
  3 basilisks
  2 glowing shapeshifter zombies
  11 neqoxecs
  22 chaos spawn
  2 steam dragons
  2 acid dragons
  16 swamp worms
  2 harpy simulacra
  3 hell hounds
  27 water moccasins
  An entropy weaver zombie (Crypt:2)
  33 orc warriors
  3 ice beasts
  A sky beast (D:8)
  3 black bears
  An ettin simulacrum (Crypt:3)
  A hog zombie (Crypt:2)
  10 swamp drakes
  7 spriggan simulacra
  4 boggarts (Lair:5)
  24 laughing skulls
  An elephant zombie (Crypt:3)
  40 wolves
  2 centaurs
  6 ogres
  A draconian zombie (Crypt:1)
  A phantom (D:4)
  2 vine stalker zombies (Crypt:3)
  18 bullfrogs
  2 kobold brigands
  A salamander zombie (Crypt:3)
  A water moccasin zombie (Crypt:3)
  2 scorpions
  A gnoll sergeant (D:5)
  A cane toad simulacrum (IceCv)
  6 small abominations
  2 wights (D:8)
  2 warg skeletons
  A yak zombie (Crypt:1)
  16 killer bees
  An oklob sapling (D:12)
  4 electric eels
  3 howler monkeys
  A bullfrog skeleton (Crypt:2)
  22 orc priests
  4 hounds
  A jelly (D:6)
  Crazy Yiuf (D:7)
  2 sleepcaps
  2 gnoll boudas
  An iron imp (Abyss:1)
  Jessica (D:3)
  5 iguanas
  16 orc wizards
  7 hell rats (Lair:2)
  4 polar bear simulacra (IceCv)
  A boggart skeleton (D:15)
  A naga zombie (Crypt:3)
  A boggart simulacrum (D:14)
  Robin (D:3)
  16 gnolls
  11 adders
  A howler monkey skeleton (Crypt:3)
  2 shadow imps
  5 white imps
  5 ufetubi
  3 ribbon worms
  70 orcs
  3 endoplasms
  A giant cockroach (D:4)
  15 goblins
  6 hobgoblins
  2 jackals (D:3)
  12 kobolds
  4 quokkas
  12 ball pythons
  4 bats (D:2)
  2 frilled lizards (D:3)
  A goblin zombie (Crypt:2)
  5 rats
  6 aspiring fleshes
  2 creeping infernos (Geh:2)
  8 fire vortices
  A spectral weapon (Zot:5)
  4 starspawn tentacles
  2 tentacles (Tar:7)
3136 creatures vanquished.

Vanquished Creatures (collateral kills)
  A dread lich (Vaults:5)
  An orb of fire (Zot:5)
  A Killer Klown (Zot:5)
  3 golden dragons (Zot:5)
  A profane servitor (Tar:7)
  A hellephant (Geh:2)
  2 electric golems (Zot:5)
  A Hell Sentinel (Pan)
  A tentacled monstrosity (Zot:2)
  A lich (Zot:3)
  4 Orb Guardians (Zot:5)
  An acid blob (Slime:5)
  An eldritch tentacle (Pan)
  A sphinx (Depths:4)
  A storm dragon (Zot:5)
  A tengu reaver (Depths:3)
  A draconian monk (Zot:3)
  A demonspawn warmonger (Pan)
  4 ghost moths
  2 vault wardens
  An emperor scorpion (Spider:4)
  A draconian scorcher (Zot:5)
  2 angels
  A deep elf elementalist (Elf:3)
  2 reapers
  A demonspawn corrupter (Pan)
  6 ironbound preservers
  A stone giant (Vaults:5)
  An ironbound thunderhulk (Vaults:3)
  3 very ugly things
  A white draconian (Zot:5)
  A deep elf death mage (Elf:3)
  3 putrid mouths (Hell)
  A green draconian (Zot:5)
  2 black draconians
  A deep elf demonologist (Elf:3)
  A red draconian (Zot:5)
  2 war gargoyles (Vaults:5)
  2 lorocyprocas (Pan)
  2 dire elephants (Vaults:4)
  2 deep elf annihilators
  A merfolk javelineer (WizLab)
  An ettin (Depths:2)
  An iron golem (Hell)
  5 yaktaur captains
  3 fire dragons
  A great orb of eyes (Vaults:1)
  3 vault guards
  A peacekeeper (Vaults:1)
  A hydra (Swamp:4)
  A radroach (Spider:3)
  A deep troll earth mage (Depths:2)
  A dancing weapon (Elf:2)
  A deep troll shaman (Depths:3)
  A tengu warrior (Depths:1)
  2 hell hogs
  An occultist (WizLab)
  A spriggan (Swamp:1)
  6 hell knights
  A skyshark (Zot:2)
  3 iron trolls
  15 deep trolls
  2 swamp dragons (Swamp:4)
  4 orb spiders (Spider:4)
  A shadow demon (Pan)
  3 deep elf archers
  2 lindwurms (Vaults:3)
  4 necromancers
  3 ironbound convokers (Vaults:2)
  A deep elf zephyrmancer (Elf:3)
  3 orc knights (Orc:2)
  2 wolf spiders
  3 ugly things
  3 deep elf pyromancers
  2 moths of wrath
  A rust devil (Hell)
  A large abomination (Pan)
  A starcursed mass (Abyss:3)
  A smoke demon (Hell)
  2 hellions (Pan)
  9 vault sentinels
  3 orange demons (Pan)
  8 yaktaurs
  4 tarantellas
  A hellwing (Pan)
  A spectral jumping spider (Spider:4)
  A jumping spider zombie (Spider:4)
  2 hornets
  A tarantella zombie (Spider:4)
  A glass eye (Slime:5)
  10 slime creatures
  A centaur simulacrum (Hell)
  2 culicivoras
  6 jumping spiders
  A water elemental (Depths:4)
  A fire bat (Pan)
  3 ynoxinuls
  A neqoxec (Depths:3)
  A redback (Spider:4)
  5 golden eyes
  2 chaos spawn
  A swamp worm (Swamp:1)
  6 orc warriors
  A laughing skull (D:8)
  2 wights (D:8)
  A killer bee (D:10)
  2 white imps (Vaults:1)
  6 orcs
  A kobold (D:8)
  2 creeping infernos (Geh:2)
  5 fire vortices
248 creatures vanquished.

Vanquished Creatures (others)
  Sojobo (Depths:3)
  A golden dragon (Zot:4)
  A tengu reaver (Depths:3)
  A storm dragon (Zot:3)
  A white draconian (Zot:5)
  A salamander tyrant (Geh:2)
  A death scarab (Spider:4)
  A demonic crawler (Pan)
  2 deep elf knights (Elf:1)
  An occultist (WizLab)
  11 dancing weapons
  2 deep elf zephyrmancers
  2 steelbarb worms (Spider:4)
  A wolf spider (Spider:3)
  2 moths of wrath (Zot:3)
  An elephant (shapeshifter) (Vaults:5)
  A yaktaur (Vaults:4)
  A tengu conjurer (D:15)
  2 saltlings (Desolation)
  A human (Depths:3)
  A fire bat (Pan)
  A neqoxec (Pan)
  A chaos spawn (Pan)
  A boggart (Lair:5)
  A torpor snail zombie (Crypt:2)
  A killer bee (D:10)
  An orc (Orc:2)
  A goblin (D:3)
  8 fire vortices (Geh:2)
  14 foxfires
  3 snaplasher vines
  5 starspawn tentacles
  7 tentacles (Tar:7)
80 creatures vanquished.

Grand Total: 3464 creatures vanquished

Notes
Turn   | Place    | Note
-------+----------+-------------------------------------------
     0 | D:1      | ragingrage the Felid Enchanter began the quest for the Orb.
     0 | D:1      | Reached XP level 1. HP: 9/9 MP: 4/4
   660 | D:2      | Reached XP level 2. HP: 13/13 MP: 6/6
   716 | D:2      | You fall into a shaft and drop 1 floor!
   745 | D:4      | Noticed an ogre
   787 | D:3      | Learned a level 2 spell: Ensorcelled Hibernation
  1564 | D:2      | Reached skill level 5 in Hexes
  1760 | D:3      | Reached skill level 1 in Shapeshifting
  1760 | D:3      | Reached XP level 3. HP: 16/16 MP: 0/7
  1902 | D:3      | Found a glowing golden altar of the Shining One.
  1960 | D:3      | Noticed Jessica
  2001 | D:3      | Noticed an ogre
  2019 | D:3      | Noticed Robin
  2029 | D:3      | Learned a level 3 spell: Confusing Touch
  2281 | D:4      | Reached skill level 1 in Ice Magic
  2281 | D:4      | Reached XP level 4. HP: 21/21 MP: 5/8
  2281 | D:4      | Gained a life (2 lives remaining)
  2940 | D:4      | Found an iron altar of Okawaru.
  2959 | D:4      | Reached XP level 5. HP: 7/24 MP: 5/9
  3101 | D:4      | Found a shimmering altar of Xom.
  3101 | D:4      | Found a bloodstained altar of Trog.
  3303 | D:4      | Noticed a phantom
  3358 | D:4      | Slain by a phantom
  3358 | D:4      | Lost a life (1 life remaining)
  3368 | D:5      | Entered Level 5 of the Dungeon
  3404 | D:5      | Noticed a water moccasin
  3413 | D:5      | Killed a water moccasin
  3589 | D:5      | Found a blossoming altar of Fedhas.
  3595 | D:5      | Gained mutation: You are covered in thick fur. (AC +2)
                  | [Felid growth]
  3595 | D:5      | Reached XP level 6. HP: 26/28 MP: 10/10
  3763 | D:5      | Noticed a wyvern
  3786 | D:5      | Killed a wyvern
  3787 | D:5      | Reached XP level 7. HP: 5/32 MP: 8/11
  3787 | D:5      | Gained a life (2 lives remaining)
  4376 | D:5      | Reached skill level 5 in Unarmed Combat
  4444 | D:5      | Found a staircase to the Ecumenical Temple.
  4890 | D:4      | Reached XP level 8. HP: 35/36 MP: 8/12
  5153 | D:5      | Slain by a gnoll
  5153 | D:5      | Lost a life (1 life remaining)
  5846 | D:6      | Found a white marble altar of Elyvilon.
  5846 | D:6      | Found a shadowy altar of Dithmenos.
  6226 | D:6      | Found Zeysaf's Antique Weapon Emporium.
  6240 | D:6      | Found Edghar's Mass Market.
  6645 | Temple   | Entered the Ecumenical Temple
  6658 | Temple   | Became a worshipper of Ashenzari the Shackled
  7035 | D:7      | Found a stormy altar of Qazlal.
  7605 | D:7      | Found a runed translucent door.
  7606 | D:7      | Noticed Crazy Yiuf
  7675 | D:7      | Killed Crazy Yiuf
  7753 | D:8      | Found a flagged portal.
  7829 | D:8      | Learned a level 3 spell: Tukima's Dance
  7829 | D:8      | Noticed a deep elf pyromancer
  7830 | D:8      | Noticed a two-headed ogre
  7831 | D:8      | Noticed a cyclops
  7832 | D:8      | Noticed a centaur warrior
  7832 | D:8      | Noticed a five-headed hydra
  7834 | D:8      | Noticed a komodo dragon
  7834 | D:8      | Noticed a cyan ugly thing
  7834 | D:8      | Noticed a troll
  7846 | D:8      | Reached * piety under Ashenzari
  7846 | D:8      | Reached ** piety under Ashenzari
  7851 | Bailey   | Entered a bailey
  7992 | Bailey   | Reached XP level 9. HP: 41/41 MP: 7/14
  7999 | Bailey   | Reached skill level 1 in Fighting
  8473 | Bailey   | Noticed an orc knight
  8480 | Bailey   | Noticed an orc knight
  8514 | Bailey   | Killed an orc knight
  8522 | Bailey   | Killed an orc knight
  8523 | Bailey   | Reached skill level 5 in Dodging
  8523 | Bailey   | Reached skill level 5 in Shapeshifting
  8780 | D:8      | Noticed a centaur warrior
  8806 | D:8      | Noticed a purple ugly thing
  9028 | D:8      | Reached XP level 10. HP: 51/51 MP: 12/15
  9028 | D:8      | Gained a life (2 lives remaining)
  9085 | D:8      | Identified a scroll of acquirement
  9409 | D:8      | Reached *** piety under Ashenzari
  9409 | D:8      | Reached **** piety under Ashenzari
  9756 | D:9      | Reached skill level 5 in Stealth
 10211 | D:9      | Identified the +0 leather armour of Theory {rN+ Str+4 Dex+8
                  | Stlth-}
 10694 | D:9      | Found a basalt altar of Yredelemnul.
 10829 | D:10     | Entered Level 10 of the Dungeon
 10900 | D:10     | Noticed an oklob plant
 10902 | D:10     | Acquired the ring "Baatuoh" {rCorr Dex+4 Slay+2}
 10943 | D:10     | HP: 2/51 [poisoned by a killer bee]
 11157 | D:10     | Mangled by an unseen horror simulacrum
 11157 | D:10     | Lost a life (1 life remaining)
 11159 | D:10     | Found a staircase to the Lair.
 11168 | D:10     | Reached XP level 11. HP: 56/56 MP: 17/17
 11173 | D:10     | Found an opulent altar of Gozag.
 11221 | D:11     | Found the +8 mithril axe "Arga" {speed, Will+}
 11227 | D:11     | Noticed a two-headed ogre
 11238 | D:11     | Killed a two-headed ogre
 11393 | D:11     | Reached ***** piety under Ashenzari
 11393 | D:11     | Reached ****** piety under Ashenzari
 12053 | D:10     | Noticed a soul eater
 12069 | D:11     | Gained mutation: Your thick and shaggy fur keeps you warm.
                  | (AC +3, rC+) [Felid growth]
 12069 | D:11     | Reached XP level 12. HP: 59/61 MP: 10/18
 13546 | D:12     | Identified the +8 dire flail of Wonderful Forgiveness
                  | {flame, rPois rC- Str+3}
 13825 | D:12     | Found a staircase to the Orcish Mines.
 13833 | D:12     | Found a roughly hewn altar of Beogh.
 13910 | D:12     | Identified Jaqeicac's Lectures on Conduction and Wildfire
 14816 | D:12     | Learned a level 2 spell: Blink
 14876 | Lair:1   | Entered Level 1 of the Lair of Beasts
 14921 | Lair:1   | Reached skill level 1 in Translocations
 14929 | Lair:1   | Noticed a catoblepas
 14948 | D:10     | Killed a catoblepas
 14999 | Lair:1   | Found a radiant altar of Vehumet.
 14999 | Lair:1   | Noticed Sonja
 15004 | Lair:1   | Killed Sonja
 15008 | Lair:1   | Reached skill level 5 in Fighting
 15036 | Lair:1   | Reached skill level 1 in Evocations
 15040 | Lair:1   | Reached XP level 13. HP: 68/68 MP: 19/19
 15040 | Lair:1   | Gained a life (2 lives remaining)
 15058 | Lair:1   | Found a gate leading to a gauntlet.
 15070 | Gauntlet | Entered a Gauntlet
 15070 | Gauntlet | Identified the Anthology of Red-Hot Transportation
 15070 | Gauntlet | Found a transporter.
 15070 | Gauntlet | Found a transporter.
 15082 | Gauntlet | Found a transporter.
 15082 | Gauntlet | Identified the +0 cloak of Wuifony {MP+9}
 15097 | Gauntlet | Found a transporter.
 15100 | Gauntlet | Found a transporter.
 15102 | Gauntlet | Found a transporter.
 15102 | Gauntlet | Found a transporter.
 15114 | Gauntlet | Found a transporter.
 15130 | Gauntlet | Found a transporter.
 15137 | Gauntlet | Identified the +1 hat of the Wicked God {Int+6}
 15139 | Gauntlet | Found a transporter.
 15143 | Gauntlet | Found a runed translucent door.
 15157 | Gauntlet | Found a transporter.
 15167 | Gauntlet | Found a transporter.
 15174 | Gauntlet | Found a transporter.
 15174 | Gauntlet | Identified the ring "Egust" {rCorr AC+4 Dex+5 SInv}
 15186 | Gauntlet | Found a transporter.
 15399 | Gauntlet | Noticed a minotaur
 15413 | Gauntlet | Killed a minotaur
 15414 | Gauntlet | Reached skill level 10 in Unarmed Combat
 16688 | Lair:2   | Found a large runed translucent door.
 16689 | Lair:2   | Found a large runed translucent door.
 16708 | Lair:2   | Noticed cforsyth's ghost (journeyman MDCA)
 17278 | Lair:3   | Found a hole to the Spider Nest.
 17416 | Lair:3   | Reached skill level 10 in Dodging
 17608 | Lair:3   | Reached skill level 10 in Stealth
 18047 | Lair:3   | Found a staircase to the Swamp.
 18047 | Lair:3   | Noticed an eleionoma
 18065 | Lair:3   | Killed an eleionoma
 18259 | Lair:4   | Found a frozen archway.
 18268 | IceCv    | Entered an ice cave
 18736 | Lair:4   | Reached XP level 14. HP: 75/75 MP: 17/20
 19085 | Lair:4   | Identified the +9 spear of Mejent {elec, Int-2 Dex+5}
 19299 | Lair:4   | Noticed Rupert
 19305 | Lair:4   | Paralysed by Rupert for 3 turns
 19310 | Lair:4   | Killed Rupert
 19488 | Lair:4   | Found the +8 whip "Snakebite" {venom, curare, rPois}
 19775 | Lair:5   | Entered Level 5 of the Lair of Beasts
 20234 | Lair:5   | Found a staircase to the Slime Pits.
 21274 | Orc:1    | Entered Level 1 of the Orcish Mines
 21313 | Orc:1    | Noticed Snorg
 21322 | Orc:1    | Killed Snorg
 21323 | Orc:1    | Reached skill level 5 in Evocations
 21448 | Orc:2    | Entered Level 2 of the Orcish Mines
 21448 | Orc:2    | Noticed Azrael
 21501 | Orc:1    | Killed Azrael
 21669 | Orc:1    | Noticed Harold
 21671 | Orc:1    | Killed Harold
 22122 | Orc:2    | Reached XP level 15. HP: 82/82 MP: 18/21
 22264 | Orc:2    | Found a staircase to the Elven Halls.
 22562 | Orc:2    | Found a roughly hewn altar of Beogh.
 23198 | Orc:2    | Found Wakiut's General Store.
 23201 | Orc:2    | Found Edomat's Weapon Boutique.
 23202 | Orc:2    | Found Lobri's Armour Shop.
 23203 | Orc:2    | Found Ylount's Distillery.
 23209 | Orc:2    | Bought a potion of might for 68 gold pieces
 23210 | Orc:2    | Bought 2 potions of curing for 72 gold pieces
 23561 | D:13     | Found a gate to the Vaults.
 23951 | D:14     | Found a transporter.
 23969 | D:14     | Reached skill level 1 in Necromancy
 24379 | D:14     | Found a broken altar of Ashenzari.
 24613 | D:14     | Found a bloodstained altar of Trog.
 24613 | D:14     | Found the +8 Wrath of Trog {antimagic, *Rage Rampage}
 24723 | D:14     | Found a transporter.
 24723 | D:14     | Found a runed translucent door.
 25108 | D:15     | Entered Level 15 of the Dungeon
 25254 | D:15     | Reached skill level 15 in Dodging
 25271 | D:15     | Reached skill level 10 in Fighting
 25288 | D:15     | Reached skill level 5 in Necromancy
 25306 | D:15     | Found a staircase to the Depths.
 25887 | D:15     | Found a white marble altar of Elyvilon.
 26151 | Swamp:1  | Entered Level 1 of the Swamp
 26170 | Swamp:1  | Reached XP level 16. HP: 82/91 MP: 15/22
 26542 | Swamp:1  | Noticed Jorgrun
 26661 | Swamp:1  | Killed Jorgrun
 26692 | Swamp:1  | Found a runed translucent gate.
 26692 | Swamp:1  | Found a runed translucent gate.
 26692 | Swamp:1  | Found a runed translucent gate.
 26693 | Swamp:1  | Noticed Shen's ghost (journeyman MiBe)
 26708 | Swamp:1  | Noticed a thorn hunter
 26723 | Swamp:1  | Killed a thorn hunter
 26764 | Swamp:1  | Found a burning altar of Makhleb.
 26769 | Swamp:1  | Acquired a book of the Wilderness
 27093 | Swamp:2  | Noticed sychorax's ghost (adept OpEE)
 27124 | Swamp:2  | Reached skill level 1 in Summonings
 27154 | Swamp:2  | Found a runed translucent door.
 27792 | Swamp:2  | Killed sychorax's ghost
 27944 | Swamp:4  | Entered Level 4 of the Swamp
 27975 | Swamp:4  | Reached skill level 5 in Translocations
 28089 | Swamp:4  | Noticed a thorn hunter
 28215 | Swamp:3  | Learned a level 5 spell: Summon Forest
 28235 | Swamp:3  | Noticed Louise
 28236 | Swamp:3  | Learned a level 5 spell: Summon Mana Viper
 28251 | Swamp:3  | Killed Louise
 28601 | Swamp:3  | Noticed Mara
 28605 | Swamp:3  | Noticed ragingrage's illusion
 29321 | Swamp:4  | Killed a thorn hunter
 29516 | Swamp:4  | Reached skill level 5 in Summonings
 29609 | Swamp:4  | Got a decaying rune of Zot
 29960 | Swamp:3  | Killed Mara
 29961 | Swamp:3  | Reached XP level 17. HP: 101/101 MP: 23/23
 30286 | Swamp:1  | Killed Shen's ghost
 30561 | Spider:1 | Entered Level 1 of the Spider Nest
 30564 | Spider:1 | Noticed Donald
 30578 | Spider:1 | HP: 2/132 [Donald/+2 eveningstar of flaming (20)]
 30581 | Spider:1 | Demolished by Donald
 30581 | Spider:1 | Lost a life (1 life remaining)
 31213 | Spider:2 | Reached skill level 15 in Fighting
 33264 | Spider:3 | Found a transporter.
 33285 | Spider:3 | Identified the staff of the Rattlesnake {rElec rN+ Dex+5
                  | Necro}
 33286 | Spider:3 | Found a transporter.
 33628 | Spider:4 | Entered Level 4 of the Spider Nest
 34635 | Spider:4 | Reached XP level 18. HP: 109/109 MP: 22/26
 34635 | Spider:4 | Gained a life (2 lives remaining)
 34642 | Spider:4 | Learned a level 6 spell: Death Channel
 34673 | Spider:4 | Found a transporter.
 34673 | Spider:4 | Noticed Bitman's ghost (adept MiBe)
 35369 | Spider:4 | Reached skill level 10 in Necromancy
 35565 | Spider:4 | Got a gossamer rune of Zot
 35668 | Spider:4 | Found a transporter.
 35909 | Spider:1 | Killed Donald
 36417 | Elf:1    | Entered Level 1 of the Elven Halls
 36527 | Elf:1    | Found a portal to a secret trove of treasure.
 36891 | Elf:1    | Reached skill level 15 in Shapeshifting
 37771 | Orc:2    | Bought a potion of curing for 51 gold pieces
 37771 | Orc:2    | Bought a potion of curing for 51 gold pieces
 37771 | Orc:2    | Bought a potion of haste for 170 gold pieces
 37771 | Orc:2    | Bought a potion of curing for 51 gold pieces
 37771 | Orc:2    | Bought a potion of curing for 51 gold pieces
 38251 | Elf:1    | You paid a toll of 17 potions of curing to enter a treasure
                  | trove
 38252 | Trove    | Entered a treasure trove
 38295 | Trove    | Identified the ring "Ojoiroah" {rF+ rN+ Str+6}
 38295 | Trove    | Identified the ring "Iqusek" {Will+ rCorr Int-4 Dex+4 SInv}
 38442 | Elf:2    | Found Par Gaann's Weapon Emporium.
 38443 | Elf:2    | Found Omicruk's Antique Weapon Emporium.
 38464 | Elf:2    | Reached XP level 19. HP: 114/114 MP: 27/27
 38739 | Elf:2    | Upgraded the game from 0.32-a0-768-g0f6f1dd4b9 to
                  | 0.32-a0-779-g362cfcae2a
 38866 | Elf:2    | Learned a level 3 spell: Passwall
 38921 | Elf:2    | Found a runed translucent gate.
 38921 | Elf:2    | Found a runed translucent gate.
 38922 | Elf:2    | Found a runed translucent gate.
 38923 | Elf:2    | Noticed Puowidir's ghost (adept DEAE)
 38923 | Elf:2    | Noticed Obbaitis's ghost (journeyman MiBe)
 38923 | Elf:2    | Noticed Famehell's ghost (journeyman OpSh)
 38929 | Elf:2    | Identified the +0 chain mail of Gravitas {Str+3 Int+3
                  | Dex-3}
 38937 | Elf:2    | Found a runed translucent gate.
 38937 | Elf:2    | Found a runed translucent gate.
 38939 | Elf:2    | Found a runed translucent gate.
 39035 | Elf:3    | Entered Level 3 of the Elven Halls
 39105 | Elf:3    | Reached skill level 1 in Earth Magic
 39592 | Elf:3    | Identified the +0 ring mail of Compassion {Str+3}
 40693 | Elf:3    | Identified the +1 buckler of the Hippogriff {rPois rN+
                  | rCorr Int-5}
 41003 | Elf:3    | Noticed a Brimstone Fiend
 41289 | Elf:3    | Identified the +5 dire flail "Lumunoph" {distort, Str+4}
 41502 | Elf:3    | Identified the +4 mace "Corchiq" {flame, rC+ rCorr Int+2}
 41567 | Elf:3    | Identified the +1 ring mail of Anaesthesia {Str+3 Int+6}
 41567 | Elf:3    | Identified the Atlas of Glaciation
 41618 | Elf:3    | Identified the staff "Tuxt" {Fly rElec rF+ Stlth- Summ
                  | Fire}
 41618 | Elf:3    | Identified Vv's Disquisition on Snow-white Oxidation
 41618 | Elf:3    | Identified the +10 spear of Painful Death {holy, ^Drain
                  | rElec Dex+7 Stlth-}
 42672 | Vaults:1 | Entered Level 1 of the Vaults
 42742 | Vaults:1 | Found a crumbling gateway.
 42784 | Vaults:1 | Learned a level 4 spell: Manifold Assault
 42785 | Desolati | Entered the Desolation of Salt
 42796 | Desolati | Identified the Opusculum on the Ill-fated Alkahest
 43140 | Desolati | Found the +8 orange crystal plate armour {Archmagi, Int+3
                  | Clar}
 43209 | Desolati | Identified the ring "Lot Ukue" {Will+ Dex+6}
 43231 | Desolati | Identified the +6 spear "Faojoq" {drain, rPois}
 43251 | Desolati | Reached skill level 10 in Translocations
 43471 | Desolati | Identified the +2 spear "Tiusif" {elec, rN+ Will+ SInv}
 43518 | Desolati | Reached skill level 5 in Spellcasting
 43601 | Desolati | Identified the Volume of Stoicism
 43601 | Desolati | Identified the +0 plate armour of Xuheu {rF+ Regen+ SInv}
 43602 | Desolati | Identified the +6 long sword "Udomul" {venom, Int+3}
 43732 | Desolati | Reached XP level 20. HP: 119/119 MP: 18/32
 44146 | Desolati | Identified the Notes on Gritty Congelation
 44179 | Desolati | Identified the Book of the Eel
 45217 | Vaults:1 | Found Nahuneu's Magic Scroll Shoppe.
 45254 | Vaults:1 | Bought a scroll of blinking for 157 gold pieces
 45254 | Vaults:1 | Bought a scroll of blinking for 157 gold pieces
 45254 | Vaults:1 | Bought a scroll of teleportation for 63 gold pieces
 45917 | Vaults:1 | Reached skill level 10 in Evocations
 46169 | Vaults:1 | Identified the +3 leather armour of the Kodama {rF- rC+
                  | Str+3}
 46446 | Vaults:2 | Learned a level 7 spell: Haunt
 47022 | Vaults:2 | Found a staircase to the Crypt.
 47022 | Vaults:2 | Found an ancient bone altar of Kikubaaqudgha.
 47022 | Vaults:2 | Found a basalt altar of Yredelemnul.
 47187 | Vaults:2 | Identified the +0 pair of gloves "Esoobrue" {rCorr}
 47200 | Vaults:2 | Noticed Jory
 47225 | Vaults:2 | Killed Jory
 47483 | Vaults:2 | Identified the +8 spear "Killer Bee's Regret" {flame, rC+
                  | Str+3}
 47710 | Vaults:2 | Found Zur Dabu's Jewellery Emporium.
 47715 | Vaults:2 | Bought a storm talisman for 880 gold pieces
 48045 | Vaults:3 | Reached XP level 21. HP: 127/127 MP: 21/36
 48110 | Vaults:3 | Found a magical portal.
 48117 | Vaults:3 | Acquired 896 gold pieces
 48148 | WizLab   | Entered Alistair's Party Mansion
 48221 | WizLab   | Learned a level 5 spell: Yara's Violent Unravelling
 48421 | WizLab   | Reached skill level 1 in Alchemy
 48569 | WizLab   | HP: 2/165 [titanic slime creature[a demonspawn corrupter]
                  | (48)]
 48569 | WizLab   | Killed from afar by a starcursed mass
 48569 | WizLab   | Lost a life (1 life remaining)
 48592 | WizLab   | Noticed a golden dragon
 48592 | WizLab   | Noticed a golden dragon
 49049 | Vaults:3 | Identified the dragon-blood talisman of Sophism {rC+ Will-
                  | Int+4 Dex+3}
 49709 | Vaults:3 | Found a transporter.
 49711 | Vaults:3 | Found Wieroich's Magic Scroll Shop.
 50092 | Vaults:3 | Found Dossof's Armour Shoppe.
 50239 | Vaults:3 | Found a transporter.
 51123 | Vaults:4 | Reached skill level 15 in Unarmed Combat
 51298 | Vaults:4 | Reached skill level 15 in Stealth
 51487 | Vaults:4 | Reached XP level 22. HP: 133/133 MP: 37/37
 51487 | Vaults:4 | Gained a life (2 lives remaining)
 52809 | Spider:4 | Killed Bitman's ghost
 53173 | D:3      | Killed Robin
 53390 | D:3      | Found an ornate altar of the Wu Jian Council.
 53463 | D:3      | Killed Jessica
 53487 | D:3      | Found a shimmering blue altar of Sif Muna.
 53693 | Lair:2   | Killed cforsyth's ghost
 54729 | Crypt:1  | Entered Level 1 of the Crypt
 55796 | Crypt:1  | Identified the ring of Liczoufi {Ice Int+2}
 55796 | Crypt:1  | Noticed Josephina
 55808 | Crypt:1  | Killed Josephina
 56735 | Crypt:3  | Entered Level 3 of the Crypt
 56939 | Crypt:3  | Found a staircase to the Tomb.
 57374 | Crypt:3  | Reached XP level 23. HP: 137/137 MP: 36/38
 58204 | Crypt:3  | Identified the dragon-blood talisman of Refuge {rC- rN+
                  | rCorr}
 58376 | Crypt:3  | Found a basalt altar of Yredelemnul.
 58467 | Crypt:3  | Identified the Excursus on the Exothermic Mirage
 58529 | Crypt:3  | Identified the ring of Liberty {rC+ rN+ rCorr Int+4}
 58538 | Crypt:3  | Identified the +9 short sword of the Depths {chaos, rF+
                  | Int+3}
 58539 | Crypt:3  | Identified the staff "Losil" {^Contam rElec rN+ Int+2 SInv
                  | Necro}
 58917 | Vaults:5 | Entered Level 5 of the Vaults
 59308 | Vaults:5 | Noticed an ancient lich
 59851 | Vaults:5 | Identified the +7 morningstar "Bocairim" {drain, *Corrode
                  | rElec Dex+6}
 59851 | Vaults:5 | Identified the amulet of Zin's Anger {Acrobat Dex+2}
 59888 | Vaults:5 | Got a silver rune of Zot
 59892 | Vaults:5 | Noticed a dread lich
 60010 | Vaults:5 | Found the +2 pair of slick slippers {slick, slippery, EV+4}
 60025 | Vaults:5 | Killed a dread lich
 60369 | Vaults:5 | Reached XP level 24. HP: 141/145 MP: 40/40
 60692 | Vaults:5 | Identified the +4 trident of Yqimy {flame, rPois rC+ rCorr
                  | Stlth-}
 60844 | Vaults:5 | Killed an ancient lich
 60968 | Vaults:5 | Identified the +0 robe of the Arcane {rN+}
 60969 | Vaults:5 | Identified the +5 spear of the Last Seers {holy, rN++}
 60974 | Vaults:5 | Identified Sif Muna's Incunabulum of Morbid Reagents
 61772 | Depths:1 | Entered Level 1 of the Depths
 62033 | Slime:1  | Entered Level 1 of the Pits of Slime
 62257 | Slime:2  | Gained mutation: You are dopey. (Int -2) [a shining eye]
 62258 | Slime:2  | Gained mutation: Your health recovers twice as slowly from
                  | being drained. [a shining eye]
 62261 | Slime:2  | Gained mutation: Your magical capacity is low. (-10% MP) [a
                  | shining eye]
 62263 | Slime:2  | Gained mutation: You are vulnerable to cold. (rC-) [a
                  | shining eye]
 62269 | Slime:2  | Lost mutation: You are dopey. (Int -2) [potion of mutation]
 62269 | Slime:2  | Lost mutation: You are vulnerable to cold. (rC-) [potion of
                  | mutation]
 62269 | Slime:2  | Gained mutation: Your system is resistant to poisons.
                  | (rPois) [potion of mutation]
 62269 | Slime:2  | Gained mutation: Your muscles are strong. (Str +4, Int/Dex
                  | -1) [potion of mutation]
 62269 | Slime:2  | Gained mutation: You occasionally shout uncontrollably at
                  | your foes. [potion of mutation]
 62996 | Slime:5  | Entered Level 5 of the Pits of Slime
 62996 | Slime:5  | Identified the +7 spear of Darol {elec, rPois Int+2 Dex-3}
 62996 | Slime:5  | Found the +8 pair of quick blades "Gyre" and "Gimble"
                  | {protect}
 62996 | Slime:5  | Identified the +4 chain mail of the Doldrums {Str+2 Dex+3}
 62996 | Slime:5  | Identified Sif Muna's Tome of Fateful Frost
 63316 | Slime:5  | Found a viscous altar of Jiyva.
 63384 | Slime:5  | Identified the +5 spear "Hecvuafu" {spect, Fly rPois Int+5
                  | Dex-4}
 63384 | Slime:5  | Identified the +7 morningstar of Past Mistakes {venom,
                  | rElec rC+ Will+ Stlth-}
 63465 | Slime:5  | Noticed the Royal Jelly
 63588 | Slime:5  | Killed the Royal Jelly
 63589 | Slime:5  | Reached skill level 10 in Hexes
 64169 | Slime:5  | Learned a level 3 spell: Fugue of the Fallen
 64276 | Slime:5  | Got a slimy rune of Zot
 65101 | Depths:1 | Identified the +4 ring mail of Okawaru's Benevolence {rPois
                  | Dex+2}
 65224 | Depths:1 | Identified the +3 sling of Disembowelment {elec, Dex+2}
 65638 | Depths:1 | Found a snail-covered altar of Cheibriados.
 65782 | Depths:1 | Found a gateway to Hell.
 65979 | Depths:1 | Found Caigit's Armour Emporium.
 66069 | Depths:2 | Found a one-way gateway to a ziggurat.
 66387 | Depths:2 | Identified the scarf of Mirth {harm, Rampage rElec Regen+
                  | Int-2}
 66660 | Depths:2 | Found a one-way gate leading to the halls of Pandemonium.
 67467 | Depths:3 | Noticed Parghit
 67478 | Depths:3 | Killed Parghit
 67489 | Depths:3 | Reached XP level 25. HP: 110/147 MP: 21/33
 67594 | Depths:3 | Noticed Sojobo
 67620 | Depths:3 | Killed Sojobo
 67662 | Depths:3 | Identified the +1 ring mail of Hepi Ver {rPois Dex+2}
 67891 | Depths:3 | Found a one-way gate to the infinite horrors of the Abyss.
 68329 | Depths:3 | Found a runed door.
 68402 | Depths:3 | Noticed an ancient lich
 68402 | Depths:3 | Noticed a dread lich
 68411 | Depths:3 | Killed a dread lich
 68413 | Depths:3 | Killed an ancient lich
 68418 | Depths:3 | Identified the +0 scale mail of Vixtadat {Str+4}
 68431 | Depths:3 | Acquired a manual of Hexes
 68433 | Depths:3 | Acquired Causk's Volume of Signs and the Atmosphere
 68440 | Depths:3 | Learned a level 4 spell: Vhi's Electric Charge
 68450 | Depths:3 | Learned a level 8 spell: Discord
 68547 | Depths:3 | Identified the +4 sling of Feeding Infinite Pain {speed,
                  | rF+ Str+4 Stlth+}
 68547 | Depths:3 | Identified the +8 long sword of Generosity {flame, rC+}
 68547 | Depths:3 | Identified the ring "Aboow" {Fly rElec rPois Will+ Int-2}
 68894 | Depths:4 | Entered Level 4 of the Depths
 68924 | Depths:4 | Reached skill level 1 in Air Magic
 69704 | Depths:4 | Found a gate to the Realm of Zot.
 69715 | Depths:4 | Reached skill level 15 in Hexes
 70205 | Hell     | Entered the Vestibule of Hell
 70205 | Hell     | Noticed Geryon
 70211 | Hell     | Noticed Murray
 70219 | Hell     | Killed Geryon
 70244 | Hell     | Killed Murray
 70852 | Hell     | Reached XP level 26. HP: 158/158 MP: 21/36
 71185 | Hell     | Found a gateway to the decaying netherworld of Tartarus.
 71212 | Hell     | Reached skill level 10 in Spellcasting
 71236 | Hell     | Found a gateway to the freezing wastes of Cocytus.
 71301 | Hell     | Found a gateway to the Iron City of Dis.
 71383 | Hell     | Found a gateway to the ashen valley of Gehenna.
 71520 | Tar:1    | Entered Level 1 of Tartarus
 71887 | Tar:3    | Noticed a dread lich
 72444 | Tar:6    | Found a huge runed translucent gate.
 72444 | Tar:6    | Found a huge runed translucent gate.
 72444 | Tar:6    | Found a huge runed translucent gate.
 72444 | Tar:6    | Found a huge runed translucent gate.
 72444 | Tar:6    | Found a huge runed translucent gate.
 72444 | Tar:6    | Found a huge runed translucent gate.
 72444 | Tar:6    | Found a huge runed translucent gate.
 72445 | Tar:6    | Found a huge runed translucent gate.
 72445 | Tar:6    | Found a huge runed translucent gate.
 72445 | Tar:6    | Found a huge runed translucent gate.
 72445 | Tar:6    | Found a huge runed translucent gate.
 72445 | Tar:6    | Found a huge runed translucent gate.
 72445 | Tar:6    | Found a huge runed translucent gate.
 72446 | Tar:6    | Found a huge runed translucent gate.
 72472 | Tar:6    | Found a huge runed translucent gate.
 72473 | Tar:6    | Found a huge runed translucent gate.
 72474 | Tar:6    | Found a huge runed translucent gate.
 72475 | Tar:6    | Found a huge runed translucent gate.
 72476 | Tar:6    | Found a huge runed translucent gate.
 72477 | Tar:6    | Found a huge runed translucent gate.
 72696 | Tar:6    | Found a huge runed translucent gate.
 72696 | Tar:6    | Found a huge runed translucent gate.
 72696 | Tar:6    | Found a huge runed translucent gate.
 72696 | Tar:6    | Found a huge runed translucent gate.
 72696 | Tar:6    | Found a huge runed translucent gate.
 72703 | Tar:6    | Found a huge runed translucent gate.
 72704 | Tar:6    | Found a huge runed translucent gate.
 72704 | Tar:6    | Found a huge runed translucent gate.
 72724 | Tar:6    | Found a huge runed translucent gate.
 72726 | Tar:6    | Found a huge runed translucent gate.
 72726 | Tar:6    | Found a huge runed translucent gate.
 72735 | Tar:6    | Noticed an ancient lich
 72737 | Tar:6    | Noticed a dread lich
 72753 | Tar:6    | Found a huge runed translucent gate.
 72753 | Tar:6    | Found a huge runed translucent gate.
 72757 | Tar:6    | Found a huge runed translucent gate.
 72758 | Tar:6    | Found a huge runed translucent gate.
 72759 | Tar:6    | Found a huge runed translucent gate.
 72828 | Tar:6    | Paralysed by a dread lich for 4 turns
 72828 | Tar:6    | Mangled by a doom hound
 72828 | Tar:6    | Lost a life (1 life remaining)
 72875 | Tar:6    | Reached XP level 27. HP: 164/164 MP: 37/37
 72875 | Tar:6    | Gained a life (2 lives remaining)
 73000 | Tar:6    | Killed a dread lich
 73048 | Tar:6    | Killed an ancient lich
 73776 | Tar:7    | Entered Level 7 of Tartarus
 74628 | Tar:7    | Reached skill level 15 in Necromancy
 74715 | Tar:7    | Found the +10 zealot's sword {holy, Zealotry, *Rage rN+
                  | EV+3}
 74746 | Tar:7    | Identified the Book of Petrous Vitriol
 75404 | Tar:7    | Identified Sif Muna's Guidebook on the Unrefined Plateau
 75418 | Tar:7    | Identified the +2 long sword "Beetleslayer" {drain, Int+9}
 75418 | Tar:7    | Identified the +0 pair of gloves of the Loofah {rC+}
 76541 | Tar:7    | Noticed Ereshkigal
 76567 | Tar:7    | Killed Ereshkigal
 76605 | Tar:7    | Got a bone rune of Zot
 77045 | Geh:1    | Entered Level 1 of Gehenna
 77632 | Geh:2    | Killed from afar by a hellion
 77632 | Geh:2    | Lost a life (1 life remaining)
 77950 | Zot:1    | Entered Level 1 of the Realm of Zot
 77984 | Zot:1    | Gained a life (2 lives remaining)
 78152 | Zot:1    | Reached skill level 10 in Summonings
 80002 | Zot:3    | Noticed an ancient lich
 80007 | Zot:3    | Noticed an ancient lich
 80024 | Zot:2    | Killed an ancient lich
 80364 | Zot:3    | Killed an ancient lich
 81555 | Zot:4    | Reached skill level 1 in Invocations
 81873 | Zot:4    | Identified the +0 robe of Hedging {rPois Dex+3}
 81903 | Zot:4    | Reached skill level 5 in Invocations
 82295 | Zot:5    | Entered Level 5 of the Realm of Zot
 82949 | Zot:5    | Reached skill level 10 in Invocations
 82981 | Zot:5    | Noticed an orb of fire
 82983 | Zot:5    | Noticed an orb of fire
 83162 | Zot:5    | Killed an orb of fire
 83829 | Depths:3 | Voluntarily entered the Abyss.
 83837 | Abyss:1  | Found a corrupted altar of Lugonu.
 83939 | Abyss:1  | Found a corrupted altar of Lugonu.
 83939 | Abyss:1  | Found a corrupted altar of Lugonu.
 83939 | Abyss:1  | Found a corrupted altar of Lugonu.
 84018 | Abyss:3  | Found a blossoming altar of Fedhas.
 84057 | Abyss:3  | Found a corrupted altar of Lugonu.
 84064 | Abyss:3  | Found a corrupted altar of Lugonu.
 84064 | Abyss:3  | Found a corrupted altar of Lugonu.
 84299 | Abyss:3  | Found a transporter.
 84354 | Abyss:3  | Found a transporter.
 84360 | Abyss:3  | Found a transporter.
 84362 | Abyss:3  | Got an abyssal rune of Zot
 84386 | Depths:3 | Escaped the Abyss
 84398 | Pan      | Entered Pandemonium
 84629 | Pan      | Found a transporter.
 84709 | Pan      | Reached skill level 15 in Invocations
 84894 | Pan      | Noticed Usilaatz the pandemonium lord
 84909 | Pan      | Killed Usilaatz the pandemonium lord
 86907 | Pan      | Found a runed translucent door.
 86919 | Pan      | Got a demonic rune of Zot
 86981 | Pan      | Found an exit through the horrors of the Abyss.
 87654 | Pan      | Noticed Xaxeileg the pandemonium lord
 87668 | Pan      | Killed Xaxeileg the pandemonium lord
 88443 | Pan      | Gained mutation: You are frail. (-10% HP) [a neqoxec]
 88446 | Pan      | Lost mutation: Your magical capacity is low. (-10% MP)
                  | [potion of mutation]
 88446 | Pan      | Lost mutation: You are frail. (-10% HP) [potion of
                  | mutation]
 88446 | Pan      | Gained mutation: Potions are less effective at restoring
                  | your health. [potion of mutation]
 88446 | Pan      | Gained mutation: Your flesh is cold resistant. (rC+)
                  | [potion of mutation]
 88447 | Pan      | Lost mutation: Your muscles are strong. (Str +4, Int/Dex
                  | -1) [potion of mutation]
 88447 | Pan      | Lost mutation: Your flesh is cold resistant. (rC+) [potion
                  | of mutation]
 88447 | Pan      | Lost mutation: Potions are less effective at restoring your
                  | health. [potion of mutation]
 88447 | Pan      | Gained mutation: You are robust. (+10% HP) [potion of
                  | mutation]
 88686 | Pan      | Noticed Kuycowio the pandemonium lord
 88699 | Pan      | Killed Kuycowio the pandemonium lord
 88980 | Pan      | Noticed Yskol the pandemonium lord
 88996 | Pan      | Killed Yskol the pandemonium lord
 89744 | Pan      | Noticed Guru the pandemonium lord
 89755 | Pan      | Killed Guru the pandemonium lord
 89846 | Pan      | Noticed Mennas
 89886 | Pan      | Gained mutation: You are dopey. (Int -2) [a neqoxec]
 89900 | Pan      | Noticed Nuti the pandemonium lord
 89909 | Pan      | Killed Nuti the pandemonium lord
 89935 | Pan      | Found an exit through the horrors of the Abyss.
 90158 | Pan      | Entered the realm of Cerebov.
 90160 | Pan      | Identified the +3 longbow "Reesaog" {freeze, rN+ Dex+5}
 90226 | Pan      | Identified the +5 great sword of Qyel {freeze, Int+3}
 90271 | Pan      | Identified the +3 leather armour "Niyxkelush" {rN+ Will+}
 90302 | Pan      | Identified the amulet "Kiedyi" {Regen+ Str+4}
 90357 | Pan      | Found the +6 sword of Cerebov {flame}
 90357 | Pan      | Noticed Cerebov
 90380 | Pan      | Identified the amulet "Lagausiv" {Reflect rElec rPois Str+2
                  | Dex-5 SH+5}
 90447 | Pan      | Killed Cerebov
 90460 | Pan      | Got a fiery rune of Zot
 90473 | Pan      | Identified the ring of Wu Jian's Benevolence {Ice ^Contam
                  | rElec rCorr Str-2}
 90481 | Pan      | Identified the +0 scimitar of the Skies Above {elec, Fly
                  | rC++ rN+}
 90746 | Pan      | Entered the realm of Mnoleg.
 90849 | Pan      | Gained mutation: You are clumsy. (Dex -2) [a neqoxec]
 90869 | Pan      | Gained mutation: You occasionally lose the ability to read
                  | scrolls when taking damage. [a cacodemon]
 90874 | Pan      | Gained mutation: Your body sometimes deteriorates upon
                  | taking damage. [a cacodemon]
 90880 | Pan      | Gained mutation: You frequently scream uncontrollably at
                  | your foes. [a cacodemon]
 90893 | Pan      | Identified the +0 leather armour "Wugg" {Harm Fly rElec
                  | Will-}
 91009 | Pan      | Noticed Mnoleg
 91048 | Pan      | Killed Mnoleg
 91049 | Pan      | Gained mutation: Your spells are a little easier to cast,
                  | but a little less powerful. [a cacodemon]
 91141 | Pan      | Got a glowing rune of Zot
 91214 | Pan      | Noticed Xoxule the pandemonium lord
 92061 | Pan      | Identified the +1 plate armour of Duty {rPois Str+5 Int-3
                  | SInv}
 92061 | Pan      | Identified the +0 spear of Wocwett {flame, Int+6}
 92100 | Pan      | Identified the ring of the Red Skies {Wiz rElec rF- rN++
                  | rCorr}
 92115 | Pan      | Killed Xoxule the pandemonium lord
 92149 | Depths:3 | Escaped Pandemonium
 92377 | Zot:5    | Killed an orb of fire
 92430 | Zot:5    | Noticed an orb of fire
 92436 | Zot:5    | Noticed an orb of fire
 92439 | Zot:5    | Killed an orb of fire
 92441 | Zot:5    | Gained mutation: Your spells are easier to cast, but less
                  | powerful. [an orb of fire]
 92446 | Zot:5    | Gained mutation: Your magical capacity is low. (-10% MP)
                  | [an orb of fire]
 92448 | Zot:5    | Killed an orb of fire
 92601 | Zot:5    | Got the Orb of Zot
 92748 | Depths:4 | Noticed Jyimn the pandemonium lord
 93291 | D:2      | Noticed Jecet the pandemonium lord
 93315 | D:$      | Escaped with the Orb!

Illustrated notes

Levels and vault maps discovered:
D:1:      dpeg_arrival_pits, layout_rooms, nicolae_houndstooth_variations
D:2:      layout_basic, minmay_misc_feat_four_crosses
D:3:      layout_loops_ring, tgw_sif, nicolae_wu_jian_immortal_techniques,
          mainiacjoe_overflow_alcove_4, uniq_robin
D:4:      layout_rooms, amcnicky_altar_gilded,
          gammafunk_temple_overflow_elements
D:5:      layout_basic, fedhas_altar_fruit_tree, temple_fountains
D:6:      layout_loops_cross, grunt_temple_overflow_open, serial_shops, shop,
          hangedman_abyss_or_decor_stagger, minmay_shop_mass
D:7:      layout_basic, grunt_qazlal_sundering, uniq_crazy_yiuf_cottage
D:8:      layout_basic, enter_bailey_7, minivault_12
D:9:      layout_loops_ring, lemuel_coloured_pillars_altar
D:10:     minmay_goldmine, layout_irregular_city, lemuel_doored_altar,
          dpeg_oklobed_lair, serial_ice, serial_ice_h, serial_ice_g,
          serial_ice_f, serial_ice_c, amethyst_killhole
D:11:     layout_loops_cross, serial_glass, glass_columns_a, glass_columns_a,
          feat_on_display, item_on_display_a, minmay_strange_pillars,
          minmay_strange_pillars
D:12:     layout_big_octagon, minmay_orc_entry_temple_small,
          introduction_to_nature_2
D:13:     layout_basic, skrybe_vaults_entry_preservation
D:14:     emtedronai_trogs_sanctum, layout_loops_corners,
          nicolae_ashenzari_panopticon, minmay_strange_pillars
D:15:     grunt_enter_depths_magical_seal, layout_small_grid,
          nicolae_elyvilon_temple_path
Temple:   nicolae_temple_two_arcs
Lair:1:   layout_gridlike, gauntlet_entry_generic, basic_altar,
          grunt_megastairs_5, uniq_sonja
Lair:2:   layout_layer_cave, ebering_ghost_disaster_area,
          chequers_serial_rivers_small_3
Lair:3:   layout_gridlike, alex1729_swamp_entry_worm_eleionoma,
          nicolae_spider_entry_tight_spaces, grunt_forest_stairs_basic,
          fungi_pond_lemuel, grunt_megastairs_2
Lair:4:   minmay_guarded_unrand_snakebite, layout_cave_pods,
          portal_ice_cave_entry_pillars_2, uniq_rupert
Lair:5:   minmay_lair_end_enchanted_forest, layout_small_grid, slime_entry_1,
          serial_bayou_shore_a, infiniplex_staircase_pool_2,
          serial_bayou_shore_b
Swamp:1:  layout_basic_swamp, gammafunk_ghost_necromancy,
          lemuel_altar_in_water2, swamp_pool_1_2, infiniplex_staircase_pool,
          uniq_jorgrun
Swamp:2:  layout_basic_swamp, hellmonk_ghost_happy_afterlife,
          nicolae_swamp_very_dense_foliage
Swamp:3:  layout_basic_swamp, evilmike_swamp_ruin_house_4, uniq_louise,
          uniq_mara
Swamp:4:  swamp_alternative, layout_basic_swamp, swamp_pool_4
Spider:1: layout_spider_delve, uniq_donald
Spider:2: layout_cave_pods
Spider:3: gammafunk_sealed_arena, nicolae_spider_world_wide_web
Spider:4: floodkiller_spider_rune_tomb, gammafunk_ghost_arena
Slime:1:  layout_caves
Slime:2:  layout_caves
Slime:3:  layout_caves
Slime:4:  layout_caves
Slime:5:  slime_pit_nicolae_jellycorners
Orc:1:    layout_caves, uniq_harold, uniq_snorg
Orc:2:    st_orc_pillars, layout_diamond_mine, basic_altar,
          small_statue_alley_c, uniq_azrael
Elf:1:    elf_arrival_001, layout_geoelf_grid, nicolae_trove_entry_columns,
          guppyfry_library_mini, hangedman_elven_crosses_minicolossus
Elf:2:    elven_hall_of_blades_hangedman_original [grunt_blade_entry_basic],
          layout_rooms, gammafunk_ghost_cemetery, serial_shops, shop,
          nicolae_shop_behind_doors
Elf:3:    elf_hall_gauntlet_wide, layout_geoelf_diagonals, minivault_19
Vaults:1: portal_desolation_entry_nicolae_nacl, vaults_dpeg_cross, v_misc_32,
          v_rooms_5, nicolae_vaults_shrinking_rooms_1,
          hangedman_vaults_stretched_pinwheel, v_misc_16,
          vaults_room_fancy_cross, nicolae_vaults_mitosis,
          nicolae_vaults_layer_cake_slice, v_misc_10, ontoclasm_vaults_hangar,
          vaults_room_grunt_arrival_ludios, serial_ice_g,
          hangedman_vaults_stretched_pinwheel, layout_vaults_maze_snakey,
          serial_shops, shop
Vaults:2: nicolae_vaults_storage_closets_3, minmay_crypt_entry_necro_gods,
          nicolae_vaults_little_squares_2, nicolae_vaults_heist, v_rooms_1,
          nicolae_vaults_octothorpe, nicolae_vaults_twisting_passages,
          nicolae_vaults_little_ls, ontoclasm_vaults_loading_screen,
          nicolae_vaults_house_1, layout_vaults_omnicross, serial_shops, shop,
          uniq_jory
Vaults:3: mu_enter_wizlab_3, v_misc_22, nicolae_vaults_windows_and_doors_thing,
          v_misc_8, nicolae_vaults_what_the_h, vaults_mumra_minichess,
          ontoclasm_vaults_pinch, grunt_vaults_focal,
          nicolae_vaults_taking_the_gang_shopping, layout_vaults_quadrants,
          serial_shops, nicolae_shop_drivethru
Vaults:4: ontoclasm_vaults_eye, vaults_dpeg_spiral, v_misc_1, v_misc_9,
          vaults_room_large_hall, nicolae_vaults_apartment_1, v_pattern_2,
          nicolae_vaults_border_crossing, nicolae_vaults_little_squares_1,
          serial_library_hellmonk_open_square, ontoclasm_vaults_spin,
          layout_vaults_omnibox
Vaults:5
Crypt:1:  layout_catacombs, minivault_24, minivault_11, grunt_ministairs_12,
          amcnicky_mini_pool_small, beargit_elvish_explorers, uniq_josephina
Crypt:2:  layout_rooms
Crypt:3:  due_elkab, layout_chaotic_city, tomb_entry_simple_bobbens, basic_altar
Depths:1: kennysheep_green_arena, layout_basic, serial_shops, shop,
          nicolae_zig_zag_zippers, pf_vacation_house_of_asmodeus, slow_altar_2
Depths:2: kennysheep_blocky_hall, layout_basic, enter_ziggurat_d,
          rand_demon_pan_entry_4, pf_coc_iceberg
Depths:3: evilmike_wizard_prison, layout_cave_shapes,
          kennysheep_decorative_pillar, abyss_entry, serial_bayou,
          serial_bayou_shore_b, serial_bayou_pond_d, serial_bayou_lake_a,
          serial_bayou_crossing, pan_entry, grunt_hell_entry_demonic_statue,
          uniq_parghit, uniq_sojobo
Depths:4: grunt_zot_entry_gee_three, layout_cave_pools, hell_entry
Hell
Geh:1:    layout_gehenna_pools_basic
Geh:2:    layout_gehenna_pools_basic
Tar:1:    layout_cathedral_of_symmetry
Tar:2:    hangedman_tartarus_temple_path, layout_cathedral_of_symmetry
Tar:3:    layout_catacombs, evilmike_ambush [evilmike_ambush_outer_basic,
          evilmike_ambush_inner_pond]
Tar:4:    layout_cathedral_of_symmetry, nicolae_tar_cuneiform_city
Tar:5:    layout_grid_maze
Tar:6:    layout_catacombs, door_vault
Tar:7:    tar_minmay_river
Zot:1:    layout_cathedral_of_symmetry
Zot:2:    layout_gridlike
Zot:3:    hellmonk_crystal_mountain, layout_cathedral_of_symmetry,
          hangedman_zot_decor_scrapings, regret_index_zotdec_banners
Zot:4:    layout_onion_interference, regret_index_zotdec_stipple_waver,
          bh_zot_levy_curve, regret_index_zotdec_gossamer_parallel
Zot:5:    layout_gridlike, bh_zot_lava_cross

Skill      XL: |  1  2  3  4  5  6  7  8  9 10 11 12 13 14 15 16 17 18 19 20 21 22 23 24 25 26 27 |
---------------+----------------------------------------------------------------------------------+-----
Hexes          | 5 6 7 8 9 11 19 21 22 | 22.0
Shapeshifting  | 1 2 3 4 6 11 12 13 14 16 17 19 20 | 20.9
Unarmed Combat | 2 3 4 6 8 9 10 11 12 13 14 15 16 18 19 20 22 | 22.8
Ice Magic      | 1 2 |  2.2
Dodging        | 3 6 7 8 11 13 15 17 19 20 21 22 23 | 23.0
Fighting       | 3 5 7 8 11 14 15 17 18 20 21 22 | 22.8
Stealth        | 6 8 10 12 15 18 | 18.6
Translocations | 2 7 8 10 11 14 | 14.2
Evocations     | 1 2 6 8 10 11 14 | 14.9
Necromancy     | 5 6 8 11 12 13 14 18 | 18.0
Summonings     | 5 8 9 12 | 12.6
Earth Magic    | 4 |  4.0
Spellcasting   | 5 7 9 11 | 11.6
Alchemy        | 4 |  4.0
Air Magic      | 3 |  3.0
Invocations    | 23 | 23.2

Action                     |  1- 3 |  4- 6 |  7- 9 | 10-12 | 13-15 | 16-18 | 19-21 | 22-24 | 25-27 || total
---------------------------+-------+-------+-------+-------+-------+-------+-------+-------+-------++-------
  Melee: Unarmed           |   112 |    74 |   241 |   403 |  1219 |  1468 |  1435 |  1683 |  2781 ||  9416
         Bite              |    15 |     7 |    35 |    50 |   175 |   234 |   260 |   154 |       ||   930
         Punch             |       |     2 |    11 |    36 |   113 |   156 |   201 |   253 |   528 ||  1300
         Tailslap          |       |       |       |       |       |       |    34 |       |       ||    34
   Cast: Ensorcelled Hiber |    19 |     6 |     2 |       |       |       |       |       |       ||    27
         Confusing Touch   |     1 |     8 |    37 |    47 |     1 |       |       |       |       ||    94
         Tukima's Dance    |       |       |    24 |     2 |    12 |     2 |       |       |       ||    40
         Summon Forest     |       |       |       |       |       |    20 |    11 |     7 |       ||    38
         Death Channel     |       |       |       |       |       |     5 |    45 |    29 |    54 ||   133
         Summon Mana Viper |       |       |       |       |       |       |    16 |       |       ||    16
         Manifold Assault  |       |       |       |       |       |       |    27 |    16 |    61 ||   104
         Passwall          |       |       |       |       |       |       |     1 |       |     4 ||     5
         Haunt             |       |       |       |       |       |       |       |     2 |    18 ||    20
         Fugue of the Fall |       |       |       |       |       |       |       |     9 |    54 ||    63
         Discord           |       |       |       |       |       |       |       |       |    15 ||    15
         Vhi's Electric Ch |       |       |       |       |       |       |       |       |   106 ||   106
 Invoke: Curse Item        |       |       |     1 |     2 |     1 |       |       |       |     2 ||     6
         Shatter the Chain |       |       |       |       |     1 |       |       |     1 |     1 ||     3
Ability: Breathe Fire      |       |       |       |       |       |       |     2 |       |       ||     2
         Blinkbolt         |       |       |       |       |       |       |       |     4 |     4 ||     8
  Evoke: Wand              |     4 |     3 |     1 |    10 |     1 |    18 |    12 |     1 |       ||    50
         Tin of tremorston |       |       |       |       |     2 |     5 |     6 |       |       ||    13
         Phantom mirror    |       |       |       |       |       |     1 |       |       |       ||     1
         Box of beasts     |       |       |       |       |       |       |       |       |     2 ||     2
    Use: Scroll            |     6 |       |     6 |     2 |     2 |     6 |     6 |     1 |     7 ||    36
         Potion            |     1 |       |     1 |     2 |       |     4 |     1 |     5 |     8 ||    22
   Stab: Sleeping          |     9 |     4 |    12 |    18 |    40 |    23 |    36 |    40 |    30 ||   212
         Confused          |     2 |     8 |    22 |    29 |     1 |       |     1 |       |       ||    63
         Distracted        |       |       |     1 |     1 |    10 |    15 |    36 |    40 |    62 ||   165
         Invisible         |       |       |       |       |       |       |       |       |    14 ||    14
         Held in net/web   |       |       |       |       |       |       |       |       |     2 ||     2
 Armour: Skin              |    34 |    39 |    74 |   180 |   601 |   818 |   601 |   548 |   508 ||  3403
  Dodge: Dodged            |   101 |    60 |   174 |   600 |  2179 |  4286 |  2950 |  3082 |  3510 || 16942
   Form: Beast             |     1 |       |     1 |       |       |       |       |       |       ||     2
         Statue            |       |       |     1 |     1 |       |       |     2 |     4 |       ||     8
         Dragon            |       |       |       |       |       |       |     2 |     2 |       ||     4
         Storm             |       |       |       |       |       |       |       |     4 |       ||     4
                           |       |       |       |       |       |       |       |     1 |       ||     1

Table legend: (Time is in decaauts)
 A = Elapsed time spent in this place.
 B = Non-inter-level travel time spent in this place.
 C = Inter-level travel time spent in this place.
 D = Time resting spent in this place.
 E = Time spent auto-exploring this place.
 F = Levels seen in this place.
 G = Mean time per level.
                   A        B        C        D        E       F      G
               +--------+--------+--------+--------+--------+-----+--------+
         Total | 112049 | 101969 |  10080 |  21781 |  53546 |  88 | 1273.3 |
       Dungeon |  22122 |  18210 |   3912 |   3740 |  10368 |  15 | 1474.8 |
        Temple |     22 |      4 |     18 |      0 |      0 |   1 |   22.0 |
          Lair |   9300 |   7968 |   1332 |    418 |   5805 |   5 | 1860.0 |
         Swamp |   6447 |   6116 |    331 |   1218 |   3170 |   4 | 1611.8 |
   Spider Nest |   9130 |   8109 |   1021 |   1824 |   4001 |   4 | 2282.5 |
    Slime Pits |   2339 |   2107 |    232 |    630 |   1068 |   5 |  467.8 |
  Orcish Mines |   3273 |   2745 |    528 |    783 |   1195 |   2 | 1636.5 |
   Elven Halls |   8974 |   8329 |    645 |   2454 |   4020 |   3 | 2991.3 |
        Vaults |  11770 |  11078 |    692 |   2332 |   6177 |   5 | 2354.0 |
         Crypt |   5673 |   5378 |    295 |    472 |   3222 |   3 | 1891.0 |
        Depths |   6566 |   6084 |    482 |   1805 |   3201 |   4 | 1641.5 |
          Hell |    958 |    843 |    115 |    369 |    297 |   1 |  958.0 |
       Gehenna |    449 |    432 |     17 |    147 |    200 |   2 |  224.5 |
      Tartarus |   5268 |   5163 |    105 |   1996 |   2137 |   7 |  752.6 |
           Zot |   5936 |   5586 |    350 |    752 |   3859 |   5 | 1187.2 |
         Abyss |    502 |    502 |      0 |      0 |      2 |   3 |  167.3 |
   Pandemonium |   7264 |   7264 |      0 |   1576 |   2637 |  13 |  558.8 |
         Trove |    127 |    127 |      0 |      0 |    106 |   1 |  127.0 |
        Bailey |   1003 |   1003 |      0 |    147 |    553 |   1 | 1003.0 |
      Ice Cave |    597 |    597 |      0 |    325 |      0 |   1 |  597.0 |
        Wizlab |   1031 |   1031 |      0 |    193 |     97 |   1 | 1031.0 |
    Desolation |   2610 |   2610 |      0 |    580 |   1101 |   1 | 2610.0 |
      Gauntlet |    681 |    681 |      0 |     13 |    325 |   1 |  681.0 |
               +--------+--------+--------+--------+--------+-----+--------+

Top non-repeatable levels by time:
   Elf:3: 4821 daAuts
Spider:3: 3486 daAuts
   Tar:7: 3107 daAuts
Vaults:4: 2940 daAuts
 Crypt:3: 2777 daAuts
Vaults:2: 2649 daAuts
Desolation: 2610 daAuts
Vaults:1: 2548 daAuts
Spider:4: 2516 daAuts
    D:14: 2483 daAuts
   Orc:2: 2414 daAuts
Spider:2: 2383 daAuts
   Elf:1: 2303 daAuts
     D:5: 2275 daAuts
    D:10: 2243 daAuts
